Map: Eternal Empire LE

Players

SpeCial

  • Race: Terran Terran
  • Spawn Location: 1:00

Dark - Winner!

  • Race: Zerg Zerg
  • Spawn Location: 7:00

Event: IEM Katowice 2020

VOD

Have the link to the VOD?

Description

Time

  • Played on: Feb. 27, 2020, 7:16 a.m.
  • Length: 13:34

All games in this series

Show
View Real Time Build Order
Export as new Build Order

SpeCial Terran 

Build Orders: Reaper Expand 

Get SALT Encoding   

  12  0:00  SCV  
  13  0:13  SCV  
  14  0:18  Supply Depot  
  14  0:25  SCV  
  15  0:39  SCV  
  15  0:40  Barracks  
  16  0:44  Refinery  
  16  0:51  SCV  
  17  1:03  SCV  
  18  1:15  SCV  
  19  1:28  Reaper, Orbital Command  
  20  1:40  Command Center  
  20  1:51  Supply Depot  
  20  1:54  SCV  
  20  2:00  Marine  
  22  2:06  Factory  
  22  2:11  SCV  
  23  2:19  Refinery  
  23  2:22  Barracks Reactor  
  23  2:25  SCV  
  24  2:30  Engineering Bay  
  24  2:38  SCV  
  25  2:50  SCV  
  26  2:52  Orbital Command  
  26  2:54  Starport  
  26  3:01  Bunker  
  26  3:07  SCV  
  26  3:10  Marine, Factory Tech Lab  
  26  3:11  Marine  
  29  3:20  SCV  
  29  3:22  SCV  
  31  3:28  Marine  
  31  3:29  Marine  
  31  3:31  Cyclone  
  31  3:34  Orbital Command  
  36  3:39  Medivac  
  36  3:40  SCV  
  39  3:45  Supply Depot  
  39  3:47  Marine x2  
  41  3:53  SCV  
  42  3:57  Supply Depot  
  42  4:07  Cyclone  
  45  4:14  Starport Tech Lab  
  45  4:20  SCV  
  45  4:22  Orbital Command  
  46  4:29  Command Center  
  46  4:40  Supply Depot  
  46  4:48  Starport Reactor  
  46  4:51  Barracks  
  46  4:52  Barracks  
  46  4:54  Stimpack  
  46  5:01  Marine  
  46  5:02  SCV x2, Siege Tank  
  46  5:06  Supply Depot  
  54  5:14  SCV x2  
  54  5:24  Marine  
  54  5:27  SCV x2  
  56  5:28  Supply Depot  
  56  5:39  SCV x2, Marine  
  56  5:41  Starport Reactor  
  56  5:42  Marine  
  59  5:47  Engineering Bay  
  59  5:49  Engineering Bay  
  60  5:51  SCV  
  60  5:54  SCV  
  61  5:57  Siege Tank  
  61  5:58  Barracks Reactor  
  61  6:00  Marine  
  61  6:04  SCV  
  64  6:05  Marine x2  
  64  6:07  SCV  
  64  6:13  Supply Depot  
  64  6:15  Orbital Command  
  64  6:16  SCV  
  64  6:17  Marine  
  65  6:19  SCV  
  65  6:22  Marine  
  65  6:23  Marine  
  68  6:28  SCV, Refinery  
  68  6:30  Terran Infantry Weapons Level 1, Terran Infantry Armor Level 1  
  68  6:32  Refinery  
  69  6:33  SCV  
  69  6:35  Marine  
  69  6:37  Marine  
  69  6:39  Marine  
  73  6:40  SCV, Combat Shield, Orbital Command, Marine  
  73  6:41  Marine  
  73  6:45  SCV  
  77  6:49  Supply Depot  
  77  6:52  SCV  
  77  6:53  Marine  
  79  6:55  Marine  
  79  6:57  SCV  
  79  6:58  Marine  
  79  6:59  Marine x2  
  84  7:01  Barracks x2, Siege Tank  
  84  7:05  SCV  
  88  7:09  SCV  
  88  7:13  SCV  
  88  7:14  Marine x2  
  92  7:17  SCV, Marine  
  92  7:19  Medivac x2  
  92  7:20  Supply Depot  
  92  7:22  SCV  
  99  7:23  Marine x2  
  101  7:38  SCV x3, Marine  
  101  7:39  Marine x2  
  101  7:40  Marine  
  101  7:41  Supply Depot  
  101  7:42  Supply Depot  
  108  7:46  Marine  
  108  7:50  SCV  
  108  7:51  SCV x2, Medivac x2  
  113  7:52  Barracks Reactor  
  113  7:55  Barracks Reactor  
  113  7:56  Marine  
  117  8:02  Marine x2  
  117  8:03  SCV x3  
  117  8:04  Armory  
  117  8:05  Supply Depot x2, Refinery x2  
  122  8:06  Marine  
  122  8:08  Marine  
  122  8:11  Siege Tank  
  126  8:14  Marine  
  126  8:15  SCV  
  126  8:17  SCV x2  
  130  8:20  Marine x2  
  130  8:24  Marine  
  130  8:25  Marine  
  132  8:27  SCV  
  132  8:29  SCV  
  132  8:31  Supply Depot  
  132  8:32  Marine  
  132  8:34  Supply Depot  
  129  8:36  Marine x4  
  129  8:38  Medivac x2, Marine x2  
  139  8:42  Marine  
  139  8:43  Marine  
  141  8:49  Marine  
  141  8:53  Terran Infantry Weapons Level 2  
  141  8:54  Marine x2  
  144  8:55  Terran Infantry Armor Level 2  
  144  8:56  Marauder  
  144  8:59  Barracks  
  144  9:00  Supply Depot  
  144  9:01  Barracks  
  146  9:03  Marine x2  
  146  9:04  Barracks  
  146  9:07  Marine x2  
  150  9:17  Marauder  
  150  9:18  Marine x3  
  150  9:19  Marine  
  150  9:20  Siege Tank  
  150  9:21  Marine x2  
  161  9:26  Supply Depot  
  161  9:27  Supply Depot  
  161  9:29  Terran Vehicle Weapons Level 1  
  161  9:36  Sensor Tower  
  157  9:39  Marauder, Marine x7  
  157  9:41  Marine  
  157  9:56  Marine  
  157  9:57  Marine x2  
  157  9:59  Barracks Tech Lab x2  
  159  10:00  Marauder, Barracks Tech Lab, Siege Tank  
  159  10:04  Liberator x2  
  170  10:10  Marine  
  170  10:11  Marine  
  170  10:16  Marine  
  170  10:19  Marine x2  
  170  10:20  Marauder, Marine x4  
  170  10:21  Marauder, Marine  
  180  10:28  Marine  
  183  10:34  Marine  
  181  10:39  Marauder x2, Marine x5  
  181  10:41  Marine  
  189  10:50  Supply Depot, Marine  
  189  10:51  Marauder x2  
  189  10:53  Supply Depot  
  189  10:55  Marine  
  195  11:00  Marauder  
  195  11:01  Marauder  
  195  11:02  Marine x2  
  195  11:03  Marine  
  183  11:04  Marine x3  
  183  11:05  Liberator  
  183  11:06  Liberator  
  191  11:12  Marauder x2  
  191  11:16  Marine  
  189  11:21  Marauder  
  189  11:22  Marauder  
  189  11:24  Marine  
  172  11:29  Marine  
  172  11:31  Marine x2  
  152  11:33  Siege Tank  
  152  11:34  Marauder x2, Marine x2  
  152  11:35  Concussive Shells  
  153  11:42  Marine x2  
  153  11:43  Marauder x2  
  153  11:46  Marine  
  158  11:55  Marauder x2  
  158  11:57  Marine  
  158  12:00  Marine  
  150  12:01  Marine x2  
  150  12:04  Marauder  
  150  12:05  Marauder, Siege Tank  
  150  12:08  Marine x2  
  156  12:10  Marine  
  156  12:12  Marine  
  156  12:14  Medivac  
  155  12:17  Marauder x2  
  154  12:26  Marauder  
  154  12:28  Marauder, Marine  
  142  12:32  Marine  
  138  12:37  Siege Tank  
  138  12:38  Marauder x2, Marine x2  
  147  12:44  Liberator x2  
  147  12:47  Marine x2  
  147  12:48  Marauder, Marine  
  158  12:53  Marauder  
  158  12:55  Supply Depot  
  160  12:59  Marauder  
  162  13:06  Marauder, Marine  
  148  13:13  Marine  
  148  13:15  Marine x2  
Show
View Real Time Build Order
Export as new Build Order

Dark Zerg - Winner!

Build Orders: Pool First 

Get SALT Encoding   

  12  0:00  Drone  
  13  0:12  Overlord  
  13  0:16  Drone  
  14  0:30  Drone x2  
  16  0:36  Drone  
  17  0:44  Extractor  
  17  0:47  Drone  
  17  0:49  Spawning Pool  
  16  0:55  Drone  
  17  1:07  Drone  
  18  1:17  Hatchery  
  17  1:21  Drone  
  18  1:28  Drone  
  19  1:36  Queen  
  19  1:39  Zergling x2  
  22  1:51  Roach Warren  
  21  1:54  Drone  
  21  2:00  Overlord  
  22  2:17  Queen  
  22  2:21  Overlord  
  24  2:31  Roach x2  
  24  2:33  Roach  
  30  2:42  Roach  
  34  2:44  Roach  
  34  2:49  Roach  
  36  2:57  Overlord  
  36  2:58  Ravager  
  37  2:59  Ravager  
  37  3:01  Drone  
  37  3:02  Drone  
  40  3:08  Drone  
  40  3:10  Drone  
  42  3:14  Drone  
  42  3:16  Drone  
  42  3:18  Drone  
  45  3:27  Queen  
  45  3:30  Drone  
  45  3:32  Ravager  
  49  3:38  Drone  
  49  3:39  Drone x2  
  51  3:46  Overlord  
  51  3:52  Overlord  
  51  3:53  Overlord  
  51  4:02  Overlord  
  51  4:06  Drone x2  
  53  4:12  Drone x3  
  53  4:15  Drone  
  57  4:22  Drone  
  57  4:23  Drone  
  59  4:26  Drone  
  59  4:30  Hatchery, Drone x2  
  59  4:31  Drone  
  62  4:34  Metabolic Boost  
  62  4:40  Queen  
  62  4:43  Drone x2  
  66  4:48  Extractor  
  66  4:49  Extractor  
  66  4:50  Drone x3  
  67  4:58  Drone x2  
  69  5:02  Lair, Spore Crawler  
  69  5:03  Spore Crawler  
  69  5:06  Drone x2  
  69  5:07  Drone  
  70  5:17  Zergling x10  
  75  5:32  Overlord  
  75  5:35  Overlord  
  75  5:44  Drone  
  75  5:45  Drone x8  
  75  5:49  Drone  
  79  5:53  Drone  
  79  5:55  Drone  
  81  6:02  Glial Reconstitution  
  81  6:05  Drone  
  81  6:06  Drone  
  81  6:09  Hatchery, Drone  
  81  6:11  Drone  
  82  6:16  Drone  
  83  6:18  Extractor x2  
  83  6:20  Evolution Chamber  
  83  6:21  Extractor  
  83  6:22  Drone x2  
  81  6:25  Drone  
  81  6:26  Evolution Chamber, Drone x2  
  81  6:28  Ravager x3  
  81  6:30  Drone x2  
  88  6:40  Overlord x2  
  88  6:41  Drone x3  
  88  6:45  Roach  
  93  6:47  Zerg Missile Weapons Level 1  
  93  6:53  Hatchery, Roach x2  
  96  6:54  Overlord  
  96  6:56  Zerg Ground Armor Level 1  
  96  6:57  Overlord x2  
  96  7:00  Roach x3  
  102  7:03  Roach x4  
  110  7:12  Roach x2  
  110  7:15  Drone  
  115  7:17  Roach x2  
  115  7:19  Ravager  
  115  7:20  Drone  
  115  7:21  Drone  
  115  7:22  Drone  
  122  7:23  Drone x5  
  122  7:24  Drone  
  122  7:26  Queen  
  122  7:29  Roach  
  132  7:35  Roach, Baneling Nest  
  132  7:36  Roach x3  
  138  7:38  Infestation Pit  
  138  7:40  Ravager x3  
  140  7:45  Roach x2  
  140  7:51  Ravager  
  144  7:52  Overlord  
  144  7:57  Overlord  
  144  8:00  Overlord  
  144  8:02  Overlord x2  
  144  8:13  Drone x10  
  144  8:15  Hive  
  144  8:18  Hatchery  
  153  8:31  Zergling x24  
  163  8:35  Hatchery  
  163  8:41  Zergling x16, Zerg Melee Weapons Level 1  
  167  8:51  Centrifical Hooks  
  167  8:52  Zerg Ground Armor Level 2  
  167  8:54  Zergling x12  
  173  8:56  Ravager x2  
  173  8:57  Ravager x3, Baneling x2  
  173  8:58  Baneling  
  173  8:59  Baneling x3  
  173  9:00  Baneling x2  
  178  9:03  Spore Crawler  
  178  9:06  Zergling x8  
  178  9:09  Baneling  
  180  9:10  Baneling x4  
  180  9:16  Zergling x16  
  187  9:23  Overlord  
  187  9:29  Zergling x12  
  190  9:31  Viper x2  
  190  9:37  Zergling x8  
  195  9:40  Overlord x2  
  191  9:50  Zergling x10  
  184  9:55  Ultralisk Cavern  
  183  10:01  Adrenal Glands  
  183  10:03  Zergling x32  
  195  10:19  Zergling x10  
  200  10:21  Baneling  
  200  10:22  Baneling x6  
  200  10:34  Zergling x4  
  200  10:35  Zergling x2  
  194  10:43  Zerg Melee Weapons Level 2  
  194  10:46  Chitinous Plating  
  194  10:49  Zergling x10  
  199  11:02  Zergling x2  
  199  11:03  Zergling x14  
  200  11:08  Drone x2  
  198  11:11  Zergling x2  
  198  11:12  Zergling x2  
  147  11:34  Zergling x34  
  168  11:40  Ultralisk x6  
  168  11:46  Ravager  
  168  11:47  Ravager  
  198  11:48  Zergling x2  
  195  11:58  Zergling x40  
  195  12:02  Zergling x2  
  195  12:04  Hatchery  
  195  12:05  Anabolic Synthesis  
  192  12:09  Zergling x8  
  193  12:17  Zergling x12  
  193  12:19  Baneling x7  
  168  12:30  Ultralisk  
  168  12:31  Zergling x22  
  168  12:32  Spire  
  168  12:36  Zergling x4  
  176  12:39  Queen x2  
  176  12:40  Queen  
  176  12:43  Drone x3  
  183  12:45  Drone x2  
  183  12:46  Drone  
  183  12:50  Drone x3  
  189  12:53  Baneling x3  
  189  13:01  Zergling x14  
  189  13:03  Baneling x4  
  187  13:13  Zergling x20  

Tags
 
Add a new tag
Caveats
  • Supply blocks, unpowered buildings, or Contaminate may cause inaccurate times.
  • Supply counts are checked every 10 seconds.